 Dungeon Crawl Stone Soup version 0.26.0-10-g1f06aea511 (webtiles) character file.

Game seed: 3787024723129033890

7221 wakim the Thaumaturge (level 10, -18/50 HPs)
             Began as a Deep Elf Conjurer on Jan 26, 2021.
             Was a Believer of Vehumet.
             Shot with an arrow by a centaur warrior (20 damage)
             ... on level 9 of the Dungeon.
             The game lasted 00:57:58 (10260 turns).

wakim the Thaumaturge (Deep Elf Conjurer)          Turns: 10260, Time: 00:57:59

Health: -18/50     AC:  3    Str:  7    XL:     10   Next: 87%
Magic:  3/29       EV: 13    Int: 24    God:    Vehumet [**....]
Gold:   583        SH:  6    Dex: 16    Spells: 23/35 levels left

rFire    + . .     SeeInvis +   b - +5 mace
rCold    . . .     Faith    .   e - +1 buckler
rNeg     + . .     Spirit   .   l - +0 robe
rPois    .         Reflect  .   (no helmet)
rElec    .         Harm     .   (no cloak)
rCorr    .         Rampage  .   (no gloves)
Will     +....                  v - +0 pair of boots
Stlth    ++........             w - amulet of Niniham {Acrobat rN+ Dex+3}
HPRegen  0.16/turn              f - ring of see invisible
MPRegen  0.21/turn              i - ring of protection from fire

@: no status effects
A: no striking features
a: Renounce Religion


You were on level 9 of the Dungeon.
You worshipped Vehumet.
Vehumet was pleased with you.
You visited 2 branches of the dungeon, and saw 11 of its levels.

You collected 583 gold pieces.

Inventory:

Hand Weapons
 a - a +1 mace of protection
 b - a +5 mace (weapon)
Missiles
 q - 7 datura-tipped darts
Armour
 e - a +1 buckler (worn)
 g - the +3 ring mail of Valour {Rampage Dex+2}
   (You found it on level 7 of the Dungeon)

   It affects your dexterity (+2).
   It bestows one free step when moving towards enemies.
 l - a +0 robe (worn)
 v - a +0 pair of boots (worn)
Jewellery
 f - a ring of see invisible (left hand)
 h - an uncursed ring of willpower
 i - a ring of protection from fire (right hand)
 n - a +4 ring of protection
 r - an uncursed amulet of faith
 w - the amulet of Niniham (around neck) {Acrobat rN+ Dex+3}
   (You found it on level 7 of the Dungeon)

   [amulet of the acrobat]

   It helps you evade while moving and waiting.
   It affects your dexterity (+3).
   It protects you from negative energy.
Wands
 o - a wand of paralysis (8)
 u - a wand of disintegration (29)
Scrolls
 c - 2 scrolls of remove curse
 j - 3 scrolls of teleportation
 k - 3 scrolls of identify
 m - a scroll of enchant weapon
 x - a scroll of fear {unknown}
Potions
 d - 5 potions of curing
 p - a potion of invisibility
 s - a potion of brilliance {unknown}
 t - 2 potions of ambrosia {unknown}


   Skills:
 - Level 2.8 Dodging
 - Level 3.0 Stealth
 - Level 4.0 Shields
 * Level 13.3 Spellcasting
 * Level 12.4 Conjurations
 - Level 4.0 Hexes
 - Level 4.0 Translocations


You had 23 spell levels left.
You knew the following spells:

 Your Spells              Type           Power        Failure   Level
a - Magic Dart            Conj           100%         1%          1
b - Searing Ray           Conj           100%         1%          2
c - Fulminant Prism       Conj/Hex       26%          1%          4
d - Iskenderun's Mystic   Conj/Tloc      53%          1%          4
e - Foxfire               Conj/Fire      100%         1%          1

Your spell library contained the following spells:

 Spells                   Type           Power        Failure   Level
 Sandblast                Erth           32%          3%          1
 Apportation              Tloc           70%          1%          1
 Corona                   Hex            38%          1%          1
 Dazzling Flash           Conj/Hex       100%         1%          3
 Animate Skeleton         Necr           32%          3%          1
 Pain                     Necr           64%          3%          1
 Summon Small Mammal      Summ           64%          3%          1
 Poisonous Vapours        Pois/Air       32%          5%          2
 Agony                    Necr           16%          71%         5
 Death Channel            Necr           8%           99%         6
 Simulacrum               Ice/Necr       8%           99%         6


Dungeon Overview and Level Annotations

Branches:
Dungeon (10/15)            Temple (1/1) D:5            Lair (0/6) D:9
    Orc: D:9-12

Altars:
Ashenzari
Cheibriados
Dithmenos
Elyvilon
Fedhas
Gozag
Hepliaklqana
Kikubaaqudgha
Makhleb
Nemelex Xobeh
Okawaru
Qazlal
Ru
Sif Muna
Trog
Uskayaw
Vehumet
Wu Jian
Xom
Yredelemnul
Zin
The Shining One


Message History

Aiming: Fulminant Prism (dangerous; 1% risk of failure)
Press: ? - help, Dir - move target You conjure a prism of explosive energy!
A fulminant prism comes into view.
The centaur shoots an arrow.
The arrow hits your fulminant prism.
The centaur warrior shoots an arrow.
The arrow hits your fulminant prism!!
Your fulminant prism detonates feebly.
Casting: Fulminant Prism (dangerous; 1% risk of failure)
Confirm with . or Enter, or press ? or * to list all spells.
Aiming: Fulminant Prism (dangerous; 1% risk of failure)
Press: ? - help, Dir - move target You conjure a prism of explosive energy!
A fulminant prism comes into view.
The centaur shoots an arrow.
The arrow hits your fulminant prism!
The centaur warrior shoots an arrow.
The arrow hits your fulminant prism!
Your fulminant prism detonates feebly.
The centaur shoots an arrow.
The arrow hits you!
* * * LOW HITPOINT WARNING * * *
The centaur warrior shoots an arrow.
The arrow hits you!!
You die...

##.##
#.#.##.#.######## #.#
#.#.##.#.# #.#
#........# #.#
###.##'### #
#.##.####.#...##.#
#.##.........(.#.#
#.. #####........#
#...####c........##..
#.##
.......((c((.@......(
....
.......#.(.......####
#.##
.......##.(....$##
#.......###...(.##
... ##...## .. ##+##
.


You could see a centaur warrior and a centaur.

Vanquished Creatures
  A hydra (D:7)
  An unseen horror (D:8)
  2 manticores
  Grinder (D:3)
  Sigmund (D:3)
  Grum (D:9)
  2 wyverns
  A black bear (D:8)
  3 orc warriors
  4 ice beasts
  A sky beast (D:6)
  3 ogres
  A necrophage (D:6)
  7 wolves (D:9)
  4 centaurs
  5 bullfrogs
  4 scorpions
  2 wyvern skeletons
  3 killer bees (D:9)
  4 wights (D:7)
  2 electric eels (D:9)
  2 howler monkeys
  2 quasits
  A centaur zombie (D:6)
  4 orc priests
  5 hounds
  5 jellies
  A bullfrog skeleton (D:4)
  2 iguanas (D:5)
  10 orc wizards
  10 worker ants
  A hound skeleton (D:8)
  16 adders
  4 shadow imps
  A white imp (D:6)
  An ufetubus (D:8)
  An adder zombie (D:5)
  2 worms (D:3)
  4 dart slugs
  5 leopard geckos
  28 orcs
  4 giant cockroaches
  4 goblins
  6 hobgoblins
  8 jackals
  8 kobolds
  4 quokkas
  2 ball pythons
  5 bats
  6 frilled lizards
  11 rats
216 creatures vanquished.

Vanquished Creatures (collateral kills)
  An adder (D:5)
1 creature vanquished.

Vanquished Creatures (others)
  6 foxfires (D:7)
  34 fulminant prisms
40 creatures vanquished.

Grand Total: 257 creatures vanquished

Notes
Turn   | Place    | Note
-------+----------+-------------------------------------------
     0 | D:1      | wakim the Deep Elf Conjurer began the quest for the Orb.
     0 | D:1      | Reached XP level 1. HP: 10/10 MP: 6/6
   345 | D:1      | Reached XP level 2. HP: 9/15 MP: 1/8
   446 | D:1      | Learned a level 2 spell: Searing Ray
   800 | D:2      | Reached XP level 3. HP: 15/19 MP: 1/10
  1172 | D:2      | Reached skill level 5 in Conjurations
  1364 | D:2      | Reached XP level 4. HP: 18/24 MP: 5/11
  1616 | D:3      | Reached skill level 1 in Shields
  1616 | D:3      | Reached skill level 4 in Spellcasting
  1983 | D:3      | Found a glowing golden altar of the Shining One.
  2040 | D:3      | Noticed Sigmund
  2055 | D:3      | Killed Sigmund
  2056 | D:3      | Reached XP level 5. HP: 17/28 MP: 4/14
  2056 | D:3      | Reached XP level 6. HP: 20/32 MP: 4/15
  2221 | D:3      | Noticed Grinder
  2430 | D:3      | Killed Grinder
  2431 | D:3      | Reached skill level 5 in Spellcasting
  2929 | D:4      | Reached XP level 7. HP: 36/36 MP: 13/17
  3419 | D:4      | Learned a level 4 spell: Fulminant Prism
  3424 | D:4      | Learned a level 4 spell: Iskenderun's Mystic Blast
  3575 | D:5      | Entered Level 5 of the Dungeon
  3578 | D:5      | Found a sacrificial altar of Ru.
  3686 | D:5      | Reached skill level 6 in Spellcasting
  3767 | D:5      | Found a staircase to the Ecumenical Temple.
  3794 | D:5      | Reached skill level 1 in Hexes
  3794 | D:5      | Reached skill level 1 in Translocations
  3891 | D:5      | Found a glowing silver altar of Zin.
  3981 | Temple   | Entered the Ecumenical Temple
  4006 | Temple   | Became a worshipper of Vehumet
  4611 | D:6      | Reached XP level 8. HP: 41/41 MP: 11/20
  4851 | D:6      | Reached skill level 7 in Spellcasting
  5891 | D:7      | Noticed a five-headed hydra
  6020 | D:7      | Noticed a manticore
  6437 | D:6      | Killed a manticore
  6438 | D:6      | Reached skill level 8 in Spellcasting
  6764 | D:7      | Reached XP level 9. HP: 45/45 MP: 14/23
  6968 | D:7      | Reached * piety under Vehumet
  6968 | D:7      | Offered knowledge of Foxfire by Vehumet.
  6976 | D:6      | Learned a level 1 spell: Foxfire
  7034 | D:7      | Reached skill level 9 in Spellcasting
  7087 | D:7      | Killed a five-headed hydra
  7088 | D:7      | Reached skill level 10 in Spellcasting
  7088 | D:7      | Reached skill level 10 in Conjurations
  7326 | D:7      | Noticed a manticore
  7588 | D:7      | Killed a manticore
  7589 | D:7      | Reached skill level 11 in Spellcasting
  7701 | D:7      | Got a smoking ring mail
  7707 | D:7      | Identified the Guide on Evil Contamination
  7867 | D:7      | Got a steaming iron amulet
  7897 | D:7      | Identified the amulet of Niniham {Acrobat rN+ Dex+3} (You
                  | found it on level 7 of the Dungeon)
  7931 | D:7      | Identified the +3 ring mail of Valour {Rampage Dex+2} (You
                  | found it on level 7 of the Dungeon)
  7982 | D:8      | Reached XP level 10. HP: 50/50 MP: 16/27
  8264 | D:8      | Noticed an unseen horror
  8271 | D:8      | Killed an unseen horror
  8440 | D:8      | Found a shimmering altar of Xom.
  8501 | D:8      | Reached skill level 12 in Spellcasting
  8833 | D:8      | Found a hide-covered altar of Uskayaw.
  8834 | D:8      | Found a hazy altar of Hepliaklqana.
  9056 | D:9      | Noticed Grum
  9061 | D:9      | Reached ** piety under Vehumet
  9062 | D:9      | Killed Grum
  9062 | D:9      | Offered knowledge of Sandblast by Vehumet.
  9326 | D:9      | Found a staircase to the Lair.
  9388 | D:9      | Found a white marble altar of Elyvilon.
  9397 | D:9      | Reached skill level 13 in Spellcasting
  9541 | D:9      | You fall into a shaft and drop 1 floor!
  9541 | D:10     | Entered Level 10 of the Dungeon
  9970 | D:9      | Noticed a centaur warrior
 10260 | D:9      | HP: 2/50 [centaur/arrow (7)]
 10260 | D:9      | Shot with an arrow by a centaur warrior

Illustrated notes

Levels and vault maps discovered:
D:1:      amcnicky_arrival_gap_in_the_tavern_cellar, layout_basic,
          serial_park_tiny_1
D:2:      layout_basic
D:3:      layout_loops_corners, tso_altar, uniq_sigmund, uniq_grinder
D:4:      layout_rooms, minivault_23
D:5:      layout_loops_corners, zin_statuary, lemuel_crystal_altar,
          minmay_temple_entry_waves, grunt_tough_drop
D:6:      layout_layer_cave, portal_sewer_entry_d
D:7:      minmay_the_grid_square_5x5_3x3
          [minmay_the_grid_square_5x5_two_walls_b,
          minmay_the_grid_square_5x5_minibox,
          minmay_the_grid_square_5x5_percent, minmay_the_grid_square_5x5_six,
          minmay_the_grid_square_5x5_megaprize_crossed,
          minmay_the_grid_square_5x5_lines, minmay_the_grid_square_5x5_tie,
          minmay_the_grid_square_5x5_eight_small,
          minmay_the_grid_square_5x5_meh], layout_cave_pools, abandoned_shop
D:8:      layout_gridville, brannock_xom_greatest_gift,
          gammafunk_temple_overflow_pools
D:9:      layout_loops_corners, elyvilon_altar_5, erik_lair_island,
          kennysheep_generic_room_11, uniq_grum
D:10:     cheibrodos_statue_roulette, layout_gridville, lemuel_old_faithful
Temple:   regret_index_temple_waves

Skill      XL: |  1  2  3  4  5  6  7  8  9 10 |
---------------+-------------------------------+-----
Stealth        | 3 |  3.0
Conjurations   | 5 6 7 8 9 10 12 | 12.4
Shields        | 1 2 3 4 |  4.0
Spellcasting   | 4 5 6 8 11 13 | 13.3
Hexes          | 2 4 |  4.0
Translocations | 1 3 4 |  4.0
Dodging        | |  2.8

Action                   |  1- 3 |  4- 6 |  7- 9 | 10-12 || total
-------------------------+-------+-------+-------+-------++-------
Melee: Dagger            |     5 |       |     3 |       ||     8
Throw: Dart              |       |       |     1 |       ||     1
 Cast: Magic Dart        |    58 |    36 |    35 |    18 ||   147
       Searing Ray       |     5 |    11 |    56 |    35 ||   107
       Iskenderun's Myst |       |       |     9 |     6 ||    15
       Fulminant Prism   |       |       |     8 |    26 ||    34
       Foxfire           |       |       |     3 |       ||     3
  Use: Potion            |       |     1 |     5 |       ||     6
       Scroll            |       |       |    10 |     1 ||    11
Armor: Robe              |       |       |     7 |     2 ||     9
Dodge: Dodged            |     8 |     4 |    48 |    26 ||    86
Block: Buckler           |       |     2 |    18 |    10 ||    30
